 Dungeon Crawl Stone Soup version 0.22-a0-433-gd2a9cce (webtiles) character file.

4778 Mgcat the Severer (level 10, -1/77 HPs)
             Began as a Hill Orc Berserker on May 28, 2018.
             Was a Believer of Trog.
             Slain by a centaur warrior
             ... wielding the +9 rapier of Myasoym {pierce, Str+3 Dex+5}
              (19 damage)
             ... on level 9 of the Dungeon.
             The game lasted 00:12:23 (3097 turns).

Mgcat the Severer (Hill Orc Berserker)              Turns: 3097, Time: 00:12:24

Health: -1/77      AC:  8    Str: 26    XL:     10   Next: 47%
Magic:  7/10       EV:  8    Int:  7    God:    Trog [**....]
Gold:   261        SH:  0    Dex: 10    Spells: 9/9 levels left

rFire    . . .     SeeInvis .   h - +0 war axe
rCold    . . .     Gourm    .   (no shield)
rNeg     . . .     Faith    .   f - +0 chain mail
rPois    .         Spirit   .   (no helmet)
rElec    .         Reflect  .   (no cloak)
rCorr    .         Harm     .   (no gloves)
MR       ++...                  (no boots)
Stlth    ..........             g - amulet of the acrobat
HPRegen  1.22/turn              m - +2 ring of strength
MPRegen  0.12/turn              (no ring)

@: berserk cooldown, regenerating
A: no striking features
a: Berserk, Trog's Hand, Renounce Religion


You were on level 9 of the Dungeon.
You worshipped Trog.
Trog was pleased with you.
You were not hungry.

You visited 1 branch of the dungeon, and saw 9 of its levels.

You collected 261 gold pieces.

Inventory:

Hand Weapons
 a - a +1 hand axe
 h - a +0 war axe (weapon)
   (You took it off an orc on level 7 of the Dungeon)
Armour
 f - a +0 chain mail (worn)
   (You found it on level 1 of the Dungeon)
Jewellery
 g - an amulet of the acrobat (around neck)
   (You found it on level 2 of the Dungeon)
 i - an uncursed amulet of the gourmand {unknown}
   (You found it on level 3 of the Dungeon)
 m - a +2 ring of strength (left hand)
   (You found it on level 8 of the Dungeon)
Wands
 e - a wand of acid (13)
   (You found it on level 7 of the Dungeon)
Scrolls
 b - 2 scrolls of remove curse
 j - a scroll of blinking {!r}
 o - a scroll of identify
Potions
 k - 2 potions of magic
Comestibles
 c - 3 rations
 d - 2 chunks of flesh {@w0}


   Skills:
 - Level 3.6 Fighting
 + Level 18.2 Axes
 - Level 2.1 Armour
 - Level 1.5 Dodging


You had 9 spell levels left.
You didn't know any spells.
Your spell library was empty.

Dungeon Overview and Level Annotations

Branches:
Dungeon (9/15)
 Temple: D:4-7         Lair: D:8-11         Orc: D:9-12

Altars:
Cheibriados
Dithmenos
Gozag
Qazlal

Shops:
D:8 %


Message History

You hit the water moccasin.
The water moccasin is heavily wounded.
You slice the hound!!
You feel the power of Trog in you as your rage grows.
You kill the hound!
Trog accepts your kill.
You feel sick. The water moccasin barely misses you.
You slash the water moccasin!
The water moccasin is almost dead.
You feel sick. The water moccasin bites you.
You are more poisoned.
The water moccasin poisons you!
You barely miss the water moccasin.
The water moccasin is almost dead.
You feel sick.
You slice the water moccasin!!
You kill the water moccasin!
Trog accepts your kill.
You feel sick.
You feel sick.
You feel a strong urge to attack something.
You feel sick.
You feel sick.
You feel your anger nearly subside.
You feel sick.
You are no longer berserk.
You pass out from exhaustion.
You feel yourself slow down.
You feel sick.
You feel sick. x4
You can move again.
You now have 261 gold pieces (gained 3).
You feel sick.
Unknown command.
Unknown command.
There are no items here.
You feel sick.
You feel sick.
Eating one of 7 chunks of flesh {@w0}.
You eat one of the 7 chunks of flesh {@w0}.
This raw flesh tastes terrible.
You feel sick.
You feel sick.
You feel sick.
You feel sick.
You feel sick.
You feel sick.
You feel sick.
You feel sick.
You feel sick.
You feel sick.
You feel sick.
You feel sick.
Some of the chunks of flesh in your inventory have rotted away.
You feel yourself speed up.
You feel sick.
A centaur warrior comes into view.
It is wielding a pitted rapier {pierce}.
The centaur warrior unwields an uncursed pitted rapier {pierce}.
The centaur warrior wields a longbow.
The centaur warrior shoots an arrow.
The arrow hits you!
You see here an arrow.
You feel much better.
Your skin crawls.
You feel resistant to hostile enchantments.
You feel somewhat more hungry.
You feel sick.
You are no longer poisoned.
You slash the centaur warrior!
The centaur warrior is lightly wounded.
The centaur warrior unwields an uncursed longbow.
The centaur warrior wields an uncursed pitted rapier {pierce}.
The centaur warrior hits you with an uncursed pitted rapier {pierce}!
Your chain mail prevents you from hitting the centaur warrior.
The centaur warrior is lightly wounded.
The centaur warrior completely misses you.
Okay, then.
Unknown command.
Unknown command.
Okay, then.
Unknown command.
You feel better.
The centaur warrior hits you but does no damage.
You barely miss the centaur warrior.
The centaur warrior is lightly wounded.
The centaur warrior hits you with an uncursed pitted rapier {pierce}.
You slash the centaur warrior!
The centaur warrior is moderately wounded.
The centaur warrior hits you with an uncursed pitted rapier {pierce}.
You slash the centaur warrior!
The centaur warrior is heavily wounded.
The centaur warrior hits you with an uncursed pitted rapier {pierce}!!
* * * LOW HITPOINT WARNING * * *
x2 Unknown command.
Unknown command.
You slash the centaur warrior!
The centaur warrior is severely wounded.
The centaur warrior barely misses you.
Unknown command.
Unknown command.
You closely miss the centaur warrior.
The centaur warrior is severely wounded.
The centaur warrior hits you with an uncursed pitted rapier {pierce}!!
You die...

......## #..# #..##..
#......###..######..##..
. ###
#.###...##..........##..
.. ..
#...c....#....รท.........
.... #.
(..#.........####.......
..... #.###.#.###...).#
#.......
......#.....#.........#
#..####.
.........#.....#c.....#
#..# #.
<....###)#.###.#@.....#
#..# #.
.........#.....#......#
#..# #.
......#.....#..(......#
#..####.
#.....#.###.#.###.....#
#....... #.....#.....#..
......# #.......
#........#.....#......#
#...##.. #....###.#.###.#
.....# #...##.. #.... .#.
.# .....# #...##.. #....
... .. .....# #...##..


You could see a centaur warrior.

Vanquished Creatures
  A two-headed ogre (D:8)
  A troll (D:9)
  Prince Ribbit (D:8)
  5 slime creatures (D:8)
  3 wyverns
  A hungry ghost (D:8)
  A water moccasin (D:9)
  4 ice beasts
  A phantom (D:7)
  An eye of draining (D:9)
  2 sky beasts
  4 ogres
  A centaur (D:8)
  A big kobold (D:8)
  A scorpion (D:7)
  A water moccasin skeleton (D:7)
  3 killer bees (D:8)
  A howler monkey (D:6)
  2 crimson imps
  5 hounds
  2 jellies
  5 orc wizards
  A gnoll shaman (D:8)
  An iguana (D:7)
  3 worker ants
  2 adders
  3 gnolls (D:8)
  2 shadow imps
  An ooze (D:3)
  An adder skeleton (D:8)
  A leopard gecko (D:8)
  13 orcs
  2 bats (D:3)
  2 giant cockroaches
  A goblin (D:1)
  4 hobgoblins
  4 jackals
  9 kobolds
  A quokka (D:3)
  2 ball pythons
  2 frilled lizards (D:1)
  4 rats
106 creatures vanquished.

Notes
Turn   | Place    | Note
-------+----------+-------------------------------------------
     0 | D:1      | Mgcat the Hill Orc Berserker began the quest for the Orb.
     0 | D:1      | Reached XP level 1. HP: 19/19 MP: 1/1
    43 | D:1      | Reached XP level 2. HP: 21/26 MP: 2/2
   117 | D:2      | Found a snail-covered altar of Cheibriados.
   193 | D:3      | Found a shadowy altar of Dithmenos.
   202 | D:3      | Reached skill level 5 in Axes
   268 | D:3      | Noticed an ogre
   288 | D:3      | Killed an ogre
   288 | D:3      | Reached skill level 7 in Axes
   288 | D:3      | Reached XP level 3. HP: 31/31 MP: 3/3
   288 | D:3      | Reached XP level 4. HP: 39/39 MP: 4/4
   436 | D:3      | Reached ** piety under Trog
   436 | D:3      | Reached XP level 5. HP: 45/45 MP: 5/5
   444 | D:3      | Reached skill level 8 in Axes
   554 | D:5      | Entered Level 5 of the Dungeon
   566 | D:5      | Reached XP level 6. HP: 51/51 MP: 6/6
   573 | D:5      | Noticed a sky beast
   606 | D:5      | Reached skill level 9 in Axes
   625 | D:5      | Killed a sky beast
   814 | D:6      | Reached skill level 10 in Axes
   814 | D:6      | Reached XP level 7. HP: 57/57 MP: 7/7
  1043 | D:7      | Reached skill level 11 in Axes
  1114 | D:7      | Reached XP level 8. HP: 63/64 MP: 8/8
  1155 | D:7      | Reached skill level 12 in Axes
  1275 | D:8      | Reached skill level 13 in Axes
  1298 | D:8      | Noticed a two-headed ogre
  1326 | D:8      | Found a stormy altar of Qazlal.
  1339 | D:8      | Killed a two-headed ogre
  1339 | D:8      | Reached skill level 15 in Axes
  1339 | D:8      | Reached XP level 9. HP: 38/70 MP: 9/9
  1703 | D:8      | Noticed Prince Ribbit
  1833 | D:8      | Reached skill level 16 in Axes
  1847 | D:8      | HP: 13/70 [Prince Ribbit (14)]
  1859 | D:8      | HP: 19/105 [Prince Ribbit (11)]
  1868 | D:8      | HP: 17/105 [Prince Ribbit (3)]
  1872 | D:8      | Killed Prince Ribbit
  2277 | D:8      | Found an opulent altar of Gozag.
  2412 | D:8      | Found Banem's Food Shop.
  2439 | D:8      | Reached skill level 17 in Axes
  2439 | D:8      | Reached XP level 10. HP: 34/77 MP: 10/10
  2949 | D:9      | Reached skill level 18 in Axes
  3084 | D:9      | Noticed a centaur warrior
  3095 | D:9      | HP: 16/77 [centaur warrior/uncursed pitted rapier {pierce} (5)]
  3097 | D:9      | Identified the +9 rapier of Myasoym {pierce, Str+3 Dex+5}
  3097 | D:9      | Slain by a centaur warrior

Vault maps used:
D:1:      minmay_arrival_checkered_box, kennysheep_nondescript
D:2:      cheibriados_altar_1, lemuel_crystal_altar,
          lemuel_coloured_pillars_altar, first_ration,
          makhleb_blood_cavern_becter, uniq_natasha
D:3:      doesnt_xom_only_xom, grunt_dithmenos_smoke
D:4:      cheibrodos_quashed, minmay_misc_feat_cross
D:5:      nicolae_overflow_quartered_altars
D:6:      lemuel_doored_altar, portal_sewer_entry_e, minmay_misc_feat_tiny
D:7:      nicolae_ru_sacrificial_ziggurat, minmay_temple_entry_from_below_a
D:8:      marbit_many_paths, grunt_gozag_statues, serial_shops, shop,
          uniq_prince_ribbit1
D:9:      hangedman_cross_stitches, kennysheep_mini, the_bakery

Skill      XL: |  1  2  3  4  5  6  7  8  9 10 |
---------------+-------------------------------+-----
Axes           | 7 8 10 11 15 17 18 | 18.2
Fighting       | |  3.6
Armour         | |  2.1
Dodging        | |  1.5

Action                   |  1- 3 |  4- 6 |  7- 9 | 10-12 || total
-------------------------+-------+-------+-------+-------++-------
Melee: Hand axe          |    46 |    82 |    76 |       ||   204
       War axe           |       |       |   120 |    89 ||   209
Invok: Berserk           |     1 |     5 |     9 |     3 ||    18
       Trog's Hand       |       |     1 |     6 |     1 ||     8
Evoke: Wand              |       |       |     3 |       ||     3
  Use: Scroll            |       |     4 |     4 |       ||     8
       Potion            |       |     2 |     1 |     2 ||     5
  Eat: Chunk             |       |     5 |    16 |     6 ||    27
Armor: Animal skin       |     3 |       |       |       ||     3
       Chain mail        |    10 |    32 |    63 |    18 ||   123
       Skin              |       |       |    11 |       ||    11
Dodge: Dodged            |    20 |    51 |    84 |    27 ||   182

Table legend:
 A = Spawn XP
 B = Non-spawn XP
 C = Spawn XP percentage of total XP
 D = Spawn monster count
 E = Non-spawn monster count
 F = Spawn count percentage of total count
 G = Total turns spent on level
                    A         B        C        D         E        F      G
               +---------+---------+-------+---------+---------+-------+---------
         Total |       0 |    6827 |   0.0 |       0 |     106 |   0.0 |  3097
               +---------+---------+-------+---------+---------+-------+---------
           D:1 |       0 |      12 |   0.0 |       0 |       8 |   0.0 |   109
           D:2 |       0 |       2 |   0.0 |       0 |       2 |   0.0 |    82
           D:3 |       0 |     237 |   0.0 |       0 |      17 |   0.0 |   314
           D:4 |       0 |      15 |   0.0 |       0 |       2 |   0.0 |    49
           D:5 |       0 |     305 |   0.0 |       0 |       6 |   0.0 |   246
           D:6 |       0 |     198 |   0.0 |       0 |       7 |   0.0 |   218
           D:7 |       0 |     817 |   0.0 |       0 |      13 |   0.0 |   233
           D:8 |       0 |    4349 |   0.0 |       0 |      41 |   0.0 |  1583
           D:9 |       0 |     892 |   0.0 |       0 |      10 |   0.0 |   263
               +---------+---------+-------+---------+---------+-------+---------

Vault maps used:
D:1:      minmay_arrival_checkered_box, kennysheep_nondescript
D:2:      cheibriados_altar_1, lemuel_crystal_altar,
          lemuel_coloured_pillars_altar, first_ration,
          makhleb_blood_cavern_becter, uniq_natasha
D:3:      doesnt_xom_only_xom, grunt_dithmenos_smoke
D:4:      cheibrodos_quashed, minmay_misc_feat_cross
D:5:      nicolae_overflow_quartered_altars
D:6:      lemuel_doored_altar, portal_sewer_entry_e, minmay_misc_feat_tiny
D:7:      nicolae_ru_sacrificial_ziggurat, minmay_temple_entry_from_below_a
D:8:      marbit_many_paths, grunt_gozag_statues, serial_shops, shop,
          uniq_prince_ribbit1
D:9:      hangedman_cross_stitches, kennysheep_mini, the_bakery

Table legend:
 A = Turns spent in this place as a percentage of turns spent in the entire game.
 B = Non-inter-level travel turns spent in this place as a percentage of non-inter-level travel turns spent in the entire game.
 C = Inter-level travel turns spent in this place as a percentage of turns spent in this place.
 D = Turns resting spent in this place as a percentage of non-inter-level travel turns spent in this place.
 E = Turns spent auto-exploring this place as a percentage of non-inter-level travel turns spent in this place.
 F = Non-inter-level travel turns spent in this place divided by the number of levels of this place that you've seen.
                   A       B       C       D       E      F
               +-------+-------+-------+-------+-------+----------------------
         Total | 100.0 | 100.0 |   2.8 |  17.7 |  48.1 | 334.3
       Dungeon | 100.0 | 100.0 |   2.8 |  17.7 |  48.1 | 334.3
               +-------+-------+-------+-------+-------+----------------------

Table legend:
 A = Kills in this place as a percentage of kills in entire the game.
 B = Kills by you in this place as a percentage of kills by you in the entire game.
 C = Kills by friends in this place as a percentage of kills by friends in the entire game.
 D = Other kills in this place as a percentage of other kills in the entire game.
 E = Experience gained in this place as a percentage of experience gained in the entire game.
 F = Experience gained in this place divided by the number of levels of this place that you have seen.
                   A       B       C       D       E      F
               +-------+-------+-------+-------+-------+----------------------
         Total | 100.0 | 100.0 |   N/A |   N/A | 100.0 | 758.6
       Dungeon | 100.0 | 100.0 |   N/A |   N/A | 100.0 | 758.6
               +-------+-------+-------+-------+-------+----------------------
